 Dungeon Crawl Stone Soup version 0.28.0-53-g5a82cb258f (webtiles) character file.

Game seed: 4559701879031651992

33 DocClef the Vexing (level 3, -2/25 HPs)
             Began as a Demonspawn Enchanter on July 6, 2022.
             Slain by an adder (3 damage)
             ... on level 1 of the Dungeon.
             The game lasted 00:01:53 (2573 turns).

DocClef the Vexing (Demonspawn Enchanter)           Turns: 2573, Time: 00:01:54

Health: -2/25      AC:  2    Str:  8    XL:     3   Next: 12%
Magic:  6/6        EV: 14    Int: 18    God:
Gold:   37         SH:  0    Dex: 13    Spells: 6/6 levels left

rFire   . . .      SeeInvis .   a - +1 dagger
rCold   . . .      Faith    .   (no shield)
rNeg    . . .      Spirit   .   b - +0 robe
rPois   .          Reflect  .   (no helmet)
rElec   .          Harm     .   (no cloak)
rCorr   .          Rampage  .   (no gloves)
Will    .....                   (no boots)
Stlth   ++........              (no amulet)
HPRegen 0.08/turn               (no ring)
MPRegen 0.20/turn               (no ring)

@: brilliant, lethally poisoned (-2 -> -7), attractive
A: repulsion field 1, magic regeneration
a: no special abilities


You were on level 1 of the Dungeon.
You visited 1 branch of the dungeon, and saw 2 of its levels.

You collected 37 gold pieces.

Inventory:

Hand Weapons
 a - a +1 dagger (weapon)
Armour
 b - a +0 robe (worn)
Scrolls
 d - a scroll of amnesia {unknown}
 f - a scroll of identify {unknown}
 h - a scroll of brand weapon {unknown}
Potions
 c - a potion of invisibility


   Skills:
 + Level 0.6 Fighting
 + Level 1.6 Short Blades
 + Level 2.1 Dodging
 + Level 2.8 Stealth
 + Level 2.1 Spellcasting
 + Level 3.3 Hexes


You had 6 spell levels left.
You didn't know any spells.
Your spell library contained the following spells:

 Spells                   Type           Power      Damage    Failure   Level
 Ensorcelled Hibernation  Hex/Ice        22%        N/A       14%         2
 Confusing Touch          Hex            20%        N/A       14%         3
 Tukima's Dance           Hex            20%        N/A       14%         3
 Dazzling Flash           Conj/Hex       22%        N/A       26%         3


Dungeon Overview and Level Annotations

Branches:
Dungeon (2/15)

Altars:

Shops:
D:1 !=[=:


Innate Abilities, Weirdness & Mutations

You are surrounded by a mild repulsion field. (EV +2)
You regenerate magic rapidly.


Message History

There is a stone staircase leading up here.
The adder bites you.
You are poisoned.
The adder poisons you!
You climb upwards.
You feel sick.
There is a stone staircase leading down here.
Okay, then.
You miss the adder.
You feel sick. The adder bites you.
You are more poisoned.
The adder poisons you! The adder barely misses you.
You hit the adder.
The adder is lightly wounded.
You feel sick. The adder misses you.
You are too injured to fight recklessly!
You are too injured to fight recklessly!
It was a potion of attraction.
You feel attractive to monsters.
You feel sick. The adder bites you.
* * * LOW HITPOINT WARNING * * *
It was a potion of brilliance.
You feel clever all of a sudden.
* * * LOW HITPOINT WARNING * * *
You feel sick. The adder closely misses you.
You barely miss the adder.
The adder is lightly wounded.
* * * LOW HITPOINT WARNING * * *
You feel sick. The adder barely misses you.
The adder bites you but does no damage.
You hit the adder.
The adder is moderately wounded.
* * * LOW HITPOINT WARNING * * *
You feel sick. The adder bites you.
* * * LOW HITPOINT WARNING * * *
You are more poisoned.
The adder poisons you!
You hit the adder.
The adder is moderately wounded.
* * * LOW HITPOINT WARNING * * *
You feel sick. The adder bites you.
You die...

#.# #.......#.# #.#
#.......#.. #.#
#.......#.# #.#
#.......#.. #.#
#..)....### ####.#
#.......# # #....#
#.......###
#.#######.#....... #@#
#.........(###
#S###.###.###..###
########
#.......#.........
.#.....♣#
#..##.#.###.##.##.
...≈≈≈..########..##.#.#
#......#
..§≈≈≈≈.#............#÷#
#.##....
..≈≈§≈≈∩#######.#.####.#
#.#####. #.≈§≈≈≈.#
#........# #.......
#..§≈≈..#
#.#......###.#####.


You could see an adder.

Vanquished Creatures
  3 ball pythons (D:1)
  3 bats (D:1)
  3 endoplasms (D:1)
  2 giant cockroaches (D:1)
  2 goblins (D:1)
  4 hobgoblins (D:1)
  2 jackals (D:1)
  4 quokkas (D:1)
  A kobold (D:1)
  A rat (D:1)
25 creatures vanquished.

Notes
Turn   | Place    | Note
-------+----------+-------------------------------------------
     0 | D:1      | DocClef the Demonspawn Enchanter began the quest for the
                  | Orb.
     0 | D:1      | Reached XP level 1. HP: 13/13 MP: 3/3
    23 | D:1      | Found Umiasallea's Book Boutique.
   904 | D:1      | Found Xeplani's Jewellery Emporium.
   917 | D:1      | Gained mutation: You regenerate magic rapidly. [demonic
                  | ancestry]
   917 | D:1      | Reached XP level 2. HP: 19/19 MP: 5/5
   999 | D:1      | Reached skill level 1 in Short Blades
  1993 | D:1      | Gained mutation: You are surrounded by a mild repulsion
                  | field. (EV +2) [demonic ancestry]
  1993 | D:1      | Reached XP level 3. HP: 17/25 MP: 6/6
  2093 | D:1      | Found Zussoamn's Distillery.
  2412 | D:1      | Found Ocoism's Antique Armour Shop.
  2471 | D:1      | Found Vimeck's Jewellery Emporium.
  2573 | D:1      | HP: 1/25 [poisoned by an adder]
  2573 | D:1      | Slain by an adder

Illustrated notes

Levels and vault maps discovered:
D:1:      dpeg_arrival_rooms_c, layout_loops_cross, serial_shops,
          nicolae_lakefront_shop, nicolae_shop_crystal, shop, shop,
          nicolae_shop_statue_plus
D:2:      layout_rooms, dreamdust_ecumenical_altar_sealed_demon,
          minmay_misc_feat_tower

Skill      XL: |  1  2 |
---------------+-------+-----
Short Blades   | 1 |  1.6
Dodging        | 2 |  2.1
Fighting       | |  0.6
Stealth        | |  2.8
Spellcasting   | |  2.1
Hexes          | |  3.3

Action                   || total
-------------------------++-------
Melee: Dagger            ||   155
       Punch             ||     2
  Use: Potion            ||     2
 Stab: Sleeping          ||     2
Armor: Robe              ||    23
Dodge: Dodged            ||   111
